 Dungeon Crawl Stone Soup version 0.20.1-1-g8b1a95d (webtiles) character file.

84 teukkam the Covered (level 4, -1/41 HPs)
             Began as a Minotaur Fighter on Dec 8, 2017.
             Slain by an ice beast (3 damage)
             ... on level 4 of the Dungeon.
             The game lasted 00:04:15 (1110 turns).

teukkam the Covered (Minotaur Fighter)              Turns: 1110, Time: 00:04:15

Health: -1/41      AC:  8    Str: 22    XL:     4   Next: 24%
Magic:  3/3        EV:  7    Int:  5    God:
Gold:   81         SH:  9    Dex:  9    Spells: 3/3 levels left

rFire    . . .     SeeInvis .   a - +0 war axe
rCold    . . .     Gourm    .   c - +0 shield
rNeg     . . .     Faith    .   i - +0 scale mail
rPois    .         Spirit   .   (helmet restricted)
rElec    .         Reflect  .   (no cloak)
rCorr    .         Harm     .   (no gloves)
MR       .....                  m - +0 pair of boots (curse)
Stlth    +.........             (no amulet)
Regen    0.2/turn               n - ring of stealth
MPRegen  0.1/turn               (no ring)

@: no status effects
A: retaliatory headbutt, horns 2
a: no special abilities


You were on level 4 of the Dungeon.
You were not hungry.

You visited 1 branch of the dungeon, and saw 4 of its levels.

You collected 81 gold pieces.

Inventory:

Hand Weapons
 a - a +0 war axe (weapon)
 b - a +0 hunting sling
Missiles
 o - 31 stones (quivered)
Armour
 c - a +0 shield (worn)
 i - a +0 scale mail (worn)
 m - a cursed +0 pair of boots (worn)
Jewellery
 n - a ring of stealth (left hand)
Scrolls
 e - 2 scrolls of recharging {unknown}
 h - a scroll of random uselessness {unknown}
 j - 3 scrolls of teleportation {unknown}
Potions
 d - a potion of might
 k - 2 potions of curing {unknown}
 l - a potion of cancellation {unknown}
Comestibles
 f - a bread ration


   Skills:
 + Level 4.4 Fighting
 + Level 3.4 Axes
 + Level 0.0 Slings
 + Level 4.6 Armour
 + Level 4.1 Shields


You had 3 spell levels left.
You didn't know any spells.

Dungeon Overview and Level Annotations

Branches:
Dungeon (4/15)
 Temple: D:4-7

Altars:

Annotations:
D:2 Terence


Innate Abilities, Weirdness & Mutations

You reflexively headbutt those who attack you in melee.
You have a pair of horns on your head.


Message History

You barely miss the frilled lizard. You headbutt the frilled lizard.
You kill the frilled lizard!
Your shield and scale mail prevent you from hitting the ice beast.
The ice beast barely misses you.
You hit the ice beast but do no damage.
The ice beast is moderately wounded.
The ice beast hits you. The ice beast freezes you! The ice beast hits you.
The ice beast freezes you!
You barely miss the ice beast. Your headbutt misses the ice beast.
The ice beast is moderately wounded.
You block the ice beast's attack.
You closely miss the ice beast. You headbutt the ice beast.
The ice beast is moderately wounded.
You block the ice beast's attack.
You slash the ice beast!
The ice beast is almost dead.
The ice beast hits you. The ice beast freezes you!
* * * LOW HITPOINT WARNING * * *
The ice beast hits you.
You die...

.....>.. ...... .....##
##(....# ..)...# #(....#
####Y†...#####
#....@........
#####......## # #....###
#. #....####.#
#####....###>###.........#
##.......##....#....######
##.......# ##.....##
##..(....# #.......# #
.......##...#.....##


You could see an ice beast.

Vanquished Creatures
  A worker ant (D:4)
  2 adders
  A dart slug (D:1)
  2 leopard geckos (D:1)
  4 bats
  5 giant cockroaches
  3 goblins (D:1)
  3 hobgoblins (D:1)
  3 frilled lizards
  8 kobolds
  5 rats
37 creatures vanquished.

Vanquished Creatures (others)
  6 toadstools (D:4)
6 creatures vanquished.

Grand Total: 43 creatures vanquished

Notes
Turn   | Place    | Note
-------+----------+-------------------------------------------
     0 | D:1      | teukkam the Minotaur Fighter began the quest for the Orb.
     0 | D:1      | Reached XP level 1. HP: 19/19 MP: 0/0
   104 | D:1      | Reached XP level 2. HP: 18/27 MP: 1/1
   284 | D:2      | Noticed Terence
   720 | D:1      | Reached XP level 3. HP: 33/33 MP: 2/2
   873 | D:4      | Reached XP level 4. HP: 30/41 MP: 3/3
  1101 | D:4      | Noticed an ice beast
  1110 | D:4      | HP: 2/41 [ice beast (13)]
  1110 | D:4      | Slain by an ice beast

Skill      XL: |  1  2  3 |
---------------+----------+-----
Fighting       | 4 |  4.4
Armour         | 4 |  4.6
Axes           | 3 |  3.4
Shields        | 4 |  4.1

Action                   |  1- 3 |  4- 6 || total
-------------------------+-------+-------++-------
Melee: War axe           |    67 |    12 ||    79
       Headbutt          |     7 |     2 ||     9
 Fire: Hunting sling     |       |     1 ||     1
  Eat: Chunk             |       |     1 ||     1
Armor: Scale mail        |    24 |    10 ||    34
Dodge: Dodged            |    24 |     5 ||    29
Block: Shield            |    36 |    12 ||    48
